 Dungeon Crawl Stone Soup version 0.30-a0-23-ge60ba3568b (webtiles) character file.

Game seed: 2786681883090501367

7354 QueenGhuleh the Cleaver (level 10, -3/93 HPs)
             Began as a Minotaur Berserker on Aug 24, 2022.
             Was a High Priest of Trog.
             Slain by a killer bee (4 damage)
             ... on level 9 of the Dungeon.
             The game lasted 00:12:31 (8140 turns).

QueenGhuleh the Cleaver (Minotaur Berserker)        Turns: 8140, Time: 00:12:32

Health: -3/93      AC: 15    Str: 26    XL:     10   Next: 91%
Magic:  9/9        EV:  8    Int:  4    God:    Trog [*****.]
Gold:   411        SH:  0    Dex: 10    Spells: 9/9 levels left

rFire   + . .      SeeInvis .    F - +0 broad axe
rCold   . . .      Faith    .    (no shield)
rNeg    . . .      Spirit   .    q - +0 plate armour {rF+}
rPois   .          Reflect  .    (helmet restricted)
rElec   .          Harm     .    (no cloak)
rCorr   .          Rampage  .    (no gloves)
Will    .....                    (no boots)
Stlth   ..........               (no amulet)
HPRegen 0.25/turn                p - +4 ring of slaying
MPRegen 0.11/turn                (no ring)

@: lethally poisoned (-3 -> -6), on berserk cooldown, slowed, very slow
A: horns 2, retaliatory headbutt
a: Renounce Religion, Berserk, Trog's Hand, Brothers in Arms


You were on level 9 of the Dungeon.
You worshipped Trog.
Trog was extremely pleased with you.
You visited 1 branch of the dungeon, and saw 9 of its levels.

You collected 411 gold pieces.

Inventory:

Hand Weapons
 F - a +0 broad axe (weapon)
Armour
 q - a +0 plate armour of fire resistance (worn)
Jewellery
 p - a +4 ring of slaying (left hand)
Wands
 f - a wand of quicksilver (6)
 r - a wand of flame (15)
 u - a wand of paralysis (14)
 x - a wand of roots (8)
Scrolls
 a - a scroll of silence {unknown}
 c - 12 scrolls of identify {unknown}
 d - 3 scrolls of enchant weapon {unknown}
 e - 5 scrolls of teleportation {unknown}
 h - a scroll of amnesia {unknown}
 k - a scroll of poison {unknown}
 m - 4 scrolls of noise {unknown}
 s - 2 scrolls of summoning {unknown}
 z - a scroll of enchant armour {unknown}
 B - a scroll of fog {unknown}
 D - a scroll of vulnerability {unknown}
Potions
 b - 2 potions of heal wounds {unknown}
 g - a potion of resistance {unknown}
 i - a potion of haste {unknown}
 j - a potion of berserk rage {unknown}
 l - 2 potions of mutation {unknown}
 n - 3 potions of curing {unknown}
 o - 2 potions of attraction {unknown}
 t - 3 potions of lignification {unknown}
 v - a potion of brilliance {unknown}
 w - a potion of might {unknown}
 A - a potion of magic {unknown}
 C - a potion of cancellation {unknown}
 E - a potion of flight {unknown}
 G - a potion of degeneration {unknown}


   Skills:
 + Level 9.8 Fighting
 + Level 11.7(12.6) Axes
 + Level 7.9(10.9) Maces & Flails
 + Level 11.0 Armour
 + Level 3.7 Dodging
 + Level 1.4 Stealth
 + Level 1.1 Evocations


You had 9 spell levels left.
You didn't know any spells.
Your spell library was empty.

Dungeon Overview and Level Annotations

Branches:
Dungeon (9/15)             Temple (0/1) D:7
   Lair: D:8-11         Orc: D:9-12

Altars:
Ashenzari
Kikubaaqudgha
Makhleb
Nemelex Xobeh
Trog
Vehumet
Wu Jian
Xom
The Shining One

Shops:
D:4 =   D:6 ?

Annotations:
D:3 3 runed translucent doors, QueenGhuleh's ghost, amateur MiBe


Innate Abilities, Weirdness & Mutations

You have a pair of horns on your head.
You reflexively headbutt those who attack you in melee.


Message History

The shadow slips into darkness.
The shadow flickers and vanishes!
The troll zombie bites you. The troll zombie claws you.
The troll zombie claws you but does no damage.
The shadow strikes at you from the darkness!
* * * LOW HITPOINT WARNING * * *
Reactivating autopickup.
Aiming: Throw Flame
Press: ? - help, Q - select action, (/) - cycle Shift-Dir - straight line, f - orc zombie
Aim: an orc zombie (89% to hit)
The puff of flame misses the orc.
The puff of flame hits the orc zombie!
You destroy the orc zombie!
Trog accepts your kill.
You feel sick.
The killer bee stings you but does no damage. x2
The orc hits you but does no damage.
A hobgoblin skeleton comes into view.
The killer bee stings you but does no damage.
The shadow hits you.
* * * LOW HITPOINT WARNING * * *
A goblin zombie comes into view.
The troll zombie bites you.
* * * LOW HITPOINT WARNING * * *
The troll zombie claws you.
* * * LOW HITPOINT WARNING * * *
The troll zombie barely misses you.
You are too injured to fight recklessly!
You are too injured to fight recklessly!
You are too injured to fight recklessly!
You are too injured to fight recklessly!
You are too injured to fight recklessly!
Aiming: Throw Flame
Press: ? - help, Q - select action, (/) - cycle Shift-Dir - straight line, f/p - orc zombie
Aim: an orc zombie (89% to hit)
The puff of flame hits the hobgoblin skeleton!
You destroy the hobgoblin skeleton!
Trog accepts your kill.
* * * LOW HITPOINT WARNING * * *
You feel sick. The killer bee stings you.
You die...

♣§§.§§≈..≈♣.
....##♣§§≈§§≈≈§.♣. #
... +^♣.........♣†
.####...
#..♣♣♣♣♣♣♣♣♣..
....#..
#.#...##.##...
#....#.#..>......###.
#....#.#####.#...# #.
#..Z)).#.....#...# #.
#..W@###.#####...# #.
#..†y....# #...# #.
#.oo###### #...# #.


#ZZK #...# #. Zo.ZZ #...# #. ZZ.ZZ. ....###. ZZ8.... ..... .Z..Z.. ..... .....P
You could see a shadow, a killer bee, an orc wizard, 2 orcs, a goblin zombie, 6
orc zombies, 3 ogre zombies, a troll zombie, a kobold, a hobgoblin skeleton and
2 orc skeletons.

Vanquished Creatures
  Erica (D:8)
  Pikel (D:8)
  A manticore (D:8)
  Joseph (D:7)
  Grinder (D:3)
  A vampire (D:8)
  5 yaks (D:9)
  Eustachio (D:4)
  A steam dragon (D:9)
  Menkaure (D:6)
  A two-headed ogre zombie (D:9)
  5 water moccasins
  A black bear (D:9)
  An orc warrior (D:8)
  4 ice beasts
  2 centaurs (D:7)
  3 lemures (D:8)
  3 phantoms
  2 kobold brigands
  3 bullfrogs (D:9)
  4 necrophages
  A gnoll sergeant (D:6)
  4 scorpions
  18 killer bees
  A troll zombie (D:9)
  5 hounds
  4 orc priests
  Crazy Yiuf (D:4)
  2 gnoll boudas
  2 iguanas
  4 orc wizards
  Natasha (twice) (D:4)
  Robin (D:4)
  9 gnolls
  10 adders
  A shadow imp (D:7)
  2 white imps (D:6)
  2 ufetubi
  4 worms
  3 dart slugs
  19 orcs
  4 bats
  6 endoplasms
  4 giant cockroaches
  14 goblins
  10 hobgoblins
  5 jackals
  5 quokkas
  4 ball pythons
  2 frilled lizards
  2 hobgoblin skeletons (D:9)
  A hobgoblin zombie (D:9)
  14 kobolds
  2 orc zombies (D:9)
  9 rats
220 creatures vanquished.

Vanquished Creatures (others)
  8 fungi
  4 plants (D:9)
12 creatures vanquished.

Grand Total: 232 creatures vanquished

Notes
Turn   | Place    | Note
-------+----------+-------------------------------------------
     0 | D:1      | QueenGhuleh the Minotaur Berserker began the quest for the
                  | Orb.
     0 | D:1      | Reached XP level 1. HP: 19/19 MP: 0/0
   173 | D:1      | Reached XP level 2. HP: 27/27 MP: 1/1
   213 | D:1      | Found a faded altar of an unknown god.
   775 | D:2      | Reached XP level 3. HP: 33/33 MP: 2/2
   797 | D:2      | Reached ** piety under Trog
  1325 | D:2      | You fall into a shaft and drop 1 floor!
  1329 | D:3      | Noticed QueenGhuleh's ghost (amateur MiBe)
  1456 | D:3      | Reached skill level 5 in Axes
  1632 | D:3      | Found a runed translucent gate.
  1633 | D:3      | Found a runed translucent gate.
  1633 | D:3      | Found a runed translucent gate.
  1704 | D:3      | Reached XP level 4. HP: 41/41 MP: 3/3
  1707 | D:3      | Found a glowing golden altar of the Shining One.
  1867 | D:3      | Noticed Grinder
  1875 | D:3      | Killed Grinder
  1876 | D:3      | Reached XP level 5. HP: 23/47 MP: 4/4
  2394 | D:3      | Reached XP level 6. HP: 53/55 MP: 5/5
  2585 | D:4      | Reached skill level 5 in Fighting
  2604 | D:4      | Noticed Natasha
  2609 | D:4      | Killed Natasha
  2682 | D:4      | Noticed Robin
  2694 | D:4      | Reached *** piety under Trog
  2698 | D:4      | Killed Robin
  2757 | D:4      | Found Xuptofi's One-of-a-Kind Rings.
  2916 | D:4      | Noticed Natasha
  2928 | D:4      | Killed Natasha
  2929 | D:4      | Reached XP level 7. HP: 61/61 MP: 6/6
  3146 | D:4      | Found a shimmering altar of Xom.
  3148 | D:4      | Found a shimmering altar of Xom.
  3151 | D:4      | Found a shimmering altar of Xom.
  3161 | D:4      | Noticed Eustachio
  3171 | D:4      | Killed Eustachio
  3172 | D:4      | Reached skill level 1 in Maces & Flails
  3172 | D:4      | Reached skill level 5 in Armour
  3206 | D:4      | Found a runed translucent door.
  3207 | D:4      | Noticed Crazy Yiuf
  3215 | D:4      | Killed Crazy Yiuf
  3242 | D:5      | Entered Level 5 of the Dungeon
  3418 | D:5      | Reached XP level 8. HP: 51/70 MP: 7/7
  4015 | D:5      | Found a radiant altar of Vehumet.
  4227 | D:5      | Found a burning altar of Makhleb.
  4286 | D:6      | Found Nasink's Magic Scroll Shop.
  4733 | D:6      | Reached skill level 5 in Maces & Flails
  5069 | D:6      | Noticed Menkaure
  5073 | D:6      | Killed Menkaure
  5464 | D:7      | Found a flagged portal.
  5541 | D:7      | Reached XP level 9. HP: 79/79 MP: 8/8
  5554 | D:7      | Noticed Joseph
  5566 | D:7      | Killed Joseph
  5947 | D:7      | Found a sparkling altar of Nemelex Xobeh.
  6180 | D:7      | Found an ornate altar of the Wu Jian Council.
  6196 | D:7      | Reached **** piety under Trog
  6214 | D:7      | Found a staircase to the Ecumenical Temple.
  6391 | D:7      | Found an ancient bone altar of Kikubaaqudgha.
  6572 | D:8      | Noticed a manticore
  6576 | D:8      | Killed a manticore
  6577 | D:8      | Reached skill level 1 in Stealth
  6716 | D:8      | Reached XP level 10. HP: 90/90 MP: 9/9
  7128 | D:8      | Noticed Pikel
  7129 | D:8      | Found a broken altar of Ashenzari.
  7140 | D:8      | Killed Pikel
  7150 | D:8      | Identified the +1 scale mail of Lodior {rElec rC- rCorr
                  | Int+5}
  7301 | D:8      | Noticed Erica
  7315 | D:8      | Killed Erica
  7316 | D:8      | Reached skill level 10 in Axes
  7316 | D:8      | Reached skill level 10 in Armour
  7563 | D:8      | Identified the +0 chain mail of Poept {*Corrode Will+ Str+7
                  | SInv}
  8078 | D:9      | Found a bloodstained altar of Trog.
  8127 | D:9      | Reached skill level 1 in Evocations
  8135 | D:9      | Reached ***** piety under Trog
  8139 | D:9      | HP: 2/93 [troll zombie (4)]
  8140 | D:9      | Slain by a killer bee

Illustrated notes

Levels and vault maps discovered:
D:1:      psy_arrival_heroes, layout_basic,
          shapermc_ecumenical_altar_mp_ritualfount, minmay_octomino_c4
D:2:      layout_loops_ring
D:3:      layout_basic, mainiacjoe_overflow_six_doors_small,
          gammafunk_ghost_icy, grunt_ministairs_14, minmay_quantized,
          uniq_grinder
D:4:      layout_rooms, xom_redecorated, nicolae_shop_unique_rings,
          uniq_natasha, uniq_robin, uniq_eustachio, uniq_crazy_yiuf_cottage
D:5:      layout_layer_cave, nicolae_vehumet_altar_sigil,
          mainiacjoe_overflow_alcove_2, grunt_ministairs_6
D:6:      layout_loops_cross, serial_shops,
          nicolae_shop_temple_entry_statues_fountains, minivault_23,
          hangedman_decor_diamond_cutter, kennysheep_generic_room_4,
          uniq_menkaure
D:7:      layout_rooms, nicolae_wu_jian_wuxing_cycle,
          mainiacjoe_overflow_concentric_impassable, kiku_gazebo_pond_becter,
          minmay_temple_entry_statues, enter_bailey_8, minmay_starry_boxes,
          uniq_joseph
D:8:      layout_basic, lemuel_round_altar, uniq_pikel, uniq_erica
D:9:      layout_basic, mainiacjoe_overflow_paths, kennysheep_okawaru_gauntlet,
          grunt_lair_entry_orc_guard_hut, zombieorc2_lemuel,
          kennysheep_cross_bottleneck

Skill      XL: |  1  2  3  4  5  6  7  8  9 10 |
---------------+-------------------------------+-----
Axes           | 4 5 6 7 8 9 11 | 11.7
Fighting       | 4 5 6 7 8 9 |  9.8
Armour         | 3 4 6 8 9 11 | 11.0
Dodging        | 3 |  3.7
Maces & Flails | 2 5 7 |  7.9
Stealth        | 1 |  1.4
Evocations     | 1 |  1.1

Action                   |  1- 3 |  4- 6 |  7- 9 | 10-12 || total
-------------------------+-------+-------+-------+-------++-------
Melee: Hand axe          |    91 |    56 |       |       ||   147
       Headbutt          |    14 |     9 |    45 |    22 ||    90
       Flail             |       |    25 |   153 |       ||   178
       Punch             |       |       |     2 |       ||     2
       War axe           |       |       |    69 |    28 ||    97
       Broad axe         |       |       |       |    77 ||    77
Invok: Berserk           |       |     4 |     8 |     3 ||    15
       Trog's Hand       |       |       |     1 |       ||     1
Evoke: Wand              |       |       |       |     8 ||     8
Armor: Scale mail        |    35 |    16 |       |       ||    51
       Animal skin       |     1 |       |       |       ||     1
       Plate armour      |       |    40 |   152 |    84 ||   276
Dodge: Dodged            |    44 |    46 |    96 |    56 ||   242

Table legend: (Time is in decaauts)
 A = Elapsed time spent in this place.
 B = Non-inter-level travel time spent in this place.
 C = Inter-level travel time spent in this place.
 D = Time resting spent in this place.
 E = Time spent auto-exploring this place.
 F = Levels seen in this place.
 G = Mean time per level.
                   A        B        C        D        E       F      G
               +--------+--------+--------+--------+--------+-----+--------+
         Total |   8288 |   8019 |    269 |      0 |   6914 |   9 |  920.9 |
       Dungeon |   8288 |   8019 |    269 |      0 |   6914 |   9 |  920.9 |
               +--------+--------+--------+--------+--------+-----+--------+

Top non-repeatable levels by time:
     D:8: 1330 daAuts
     D:3: 1261 daAuts
     D:6: 1189 daAuts
     D:7: 1117 daAuts
     D:5: 1067 daAuts
     D:4: 709 daAuts
     D:1: 701 daAuts
     D:2: 629 daAuts
     D:9: 281 daAuts
